 Dungeon Crawl Stone Soup version 0.28.0-53-g5a82cb258f (webtiles) character file.

Game seed: 339940930734419071

718 LynnLen the Covert (level 7, -6/46 HPs)
             Began as a Vampire Enchanter on Aug 9, 2022.
             Mangled by a gnoll
             ... wielding a +0 flail
              (11 damage)
             ... on level 4 of the Dungeon.
             The game lasted 00:10:22 (3945 turns).

LynnLen the Covert (Vampire Enchanter)              Turns: 3945, Time: 00:10:22

Health: -6/46      AC: -1    Str:  7    XL:     7   Next: 42%
Magic:  10/19      EV: 12    Int: 18    God:
Gold:   81         SH:  0    Dex: 16    Spells: 7/10 levels left

rFire   + . .      SeeInvis +   f - +1 dagger (speed)
rCold   . . .      Faith    .   (no shield)
rNeg    . . .      Spirit   .   b - +0 robe
rPois   .          Reflect  .   (no helmet)
rElec   .          Harm     .   (no cloak)
rCorr   .          Rampage  .   e - +0 pair of gloves
Will    .....                   (no boots)
Stlth   ++++......              i - amulet of the acrobat
HPRegen 0.35/turn               k - ring "Zitey" {+Blink Fly rF+ SInv}
MPRegen 0.16/turn               o - ring of magical power

@: weak-willed, corroded, flying, very slightly contaminated, healing quickly
A: alive, fangs 3, see invisible, vampiric 2
a: Exsanguinate, Evoke Blink


You were on level 4 of the Dungeon.
You visited 1 branch of the dungeon, and saw 5 of its levels.

You collected 81 gold pieces.

Inventory:

Hand Weapons
 a - a +1 dagger
 f - a +1 dagger of speed (weapon)
 h - the +8 hand axe "Concordance" {freeze, rF+ rCorr Dex+7}
   (You found it on level 2 of the Dungeon)

   It freezes those it strikes, dealing additional cold damage.
   It can also slow down cold-blooded creatures.
   Dex:       It affects your dexterity (+7).
   rF:        It protects you from fire.
   rCorr:     It protects you from acid and corrosion.
 s - a +0 hunting sling
Missiles
 l - 21 sling bullets
 q - 3 javelins
Armour
 b - a +0 robe (worn)
 e - a +0 pair of gloves (worn)
Jewellery
 i - an amulet of the acrobat (around neck)
 k - the ring "Zitey" (left hand) {+Blink Fly rF+ SInv}
   (You found it on level 2 of the Dungeon)

   [ring of see invisible]

   rF:        It protects you from fire.
   SInv:      It lets you see invisible.
   Fly:       It grants you flight.
   +Blink:    It lets you blink.
 o - a ring of magical power (right hand)
 r - an amulet of magic regeneration
Scrolls
 m - a scroll of teleportation
Potions
 c - a potion of brilliance {unknown}
 d - a potion of flight
 g - a potion of curing
 j - a potion of attraction
 p - a potion of berserk rage


   Skills:
 * Level 7.4 Short Blades
 - Level 2.1 Dodging
 + Level 8.6 Stealth
 - Level 2.0 Spellcasting
 - Level 4.4 Hexes


You had 7 spell levels left.
You knew the following spells:

 Your Spells              Type           Power      Damage    Failure   Level
a - Confusing Touch       Hex            17%        N/A       9%          3

Your spell library contained the following spells:

 Spells                   Type           Power      Damage    Failure   Level
 Tukima's Dance           Hex            17%        N/A       9%          3
 Ensorcelled Hibernation  Hex/Ice        18%        N/A       11%         2
 Dazzling Flash           Conj/Hex       18%        N/A       22%         3
 Portal Projectile        Hex/Tloc       18%        N/A       22%         3
 Blade Hands              Tmut           0%         N/A       99%         5
 Excruciating Wounds      Necr           0%         N/A       99%         5


Dungeon Overview and Level Annotations

Branches:
Dungeon (5/15)
 Temple: D:4-7

Altars:
Kikubaaqudgha
Zin


Innate Abilities, Weirdness & Mutations

Your natural rate of healing is accelerated.
You have razor-sharp teeth.
You have supernaturally acute eyesight. (SInv)
You are afflicted with vampirism and can become a bat while bloodless.


Message History

You strike the helpless gnoll from behind!
You impale the gnoll!!
You kill the gnoll!
Casting: Confusing Touch (dangerous; 9% risk of failure)
Press: ? - help, Q - select action, (/) - cycle Dir - look around, f - activate Your hands begin to glow red.
A gnoll comes into view. It is wielding a +0 whip.
The jelly completely misses you.
You hit the jelly but do no damage.
Your hands burn!
You hit the jelly but do no damage.
The jelly appears confused.
The acid corrodes you!
Your hands burn!
You strike the helpless jelly from behind!
You impale the jelly!!
You kill the jelly!
The gnoll hits you from afar with a +0 spear.
Casting: Confusing Touch (dangerous; 9% risk of failure)
Press: ? - help, Q - select action, (/) - cycle Dir - look around, f - activate You miscast Confusing Touch.
You are very lightly contaminated with residual magic.
Nothing appears to happen.
The gnoll barely misses you.
The gnoll hits you from afar with a +0 spear.
You barely miss the gnoll. The gnoll closely misses you. x2
You hit the gnoll but do no damage. You hit the gnoll but do no damage.
You bite the gnoll, but do no damage. You closely miss the gnoll.
You bite the gnoll, but do no damage.
The gnoll hits you from afar with a +0 spear.
* * * LOW HITPOINT WARNING * * *
The gnoll completely misses you. The gnoll misses you.
You feel better. The gnoll hits you with a +0 flail!
* * * LOW HITPOINT WARNING * * *
The gnoll hits you with a +0 spear!
* * * LOW HITPOINT WARNING * * *
You feel better. The gnoll barely misses you.
The gnoll hits you with a +0 spear!
* * * LOW HITPOINT WARNING * * *
As you read the scroll labelled FUUD PIOHETZACUN, it crumbles to dust.
Magic quickly surges around you.
It was a scroll of vulnerability.
The gnoll hits you with a +0 flail!
You die...

...g....###.###.#....##
.$...#..........#....#
.....#..#.....##.....##
........##........#...#
......J...........#...#
........##..#.....#†###
....#..)#..####......#
............# #.g....#
.......##..## #@.#.###
.......#....###g.#.#
#.............)....#
##.#..[...#.#..#..## #
##########.##### ###


You could see 2 gnolls.

Vanquished Creatures
  Menkaure (D:5)
  A necrophage (D:5)
  A black bear (D:4)
  A scorpion (D:5)
  A jelly (D:4)
  A gnoll shaman (D:3)
  Jessica (D:3)
  2 iguanas
  Natasha (D:4)
  2 howler monkey zombies
  5 gnolls
  5 adders
  2 worms
  4 dart slugs
  2 orcs
  2 endoplasms (D:1)
  10 goblins
  3 hobgoblins
  7 jackals
  2 quokkas (D:1)
  10 ball pythons
  5 bats
  2 frilled lizards (D:1)
  7 kobolds
  A rat (D:3)
79 creatures vanquished.

Vanquished Creatures (others)
  8 plants (D:3)
8 creatures vanquished.

Grand Total: 87 creatures vanquished

Notes
Turn   | Place    | Note
-------+----------+-------------------------------------------
     0 | D:1      | LynnLen the Vampire Enchanter began the quest for the Orb.
     0 | D:1      | Reached XP level 1. HP: 13/13 MP: 3/3
   371 | D:1      | Reached XP level 2. HP: 7/19 MP: 5/5
   661 | D:1      | Reached skill level 5 in Stealth
  1246 | D:1      | Gained mutation: You are afflicted with vampirism and can
                  | become a bat while bloodless. [Vampire growth]
  1246 | D:1      | Reached XP level 3. HP: 4/24 MP: 6/6
  1420 | D:1      | Learned a level 3 spell: Confusing Touch
  1523 | D:2      | Identified the +8 hand axe "Concordance" {freeze, rF+ rCorr
                  | Dex+7}
  1774 | D:2      | Identified the ring "Zitey" {+Blink Fly rF+ SInv}
  1900 | D:2      | Reached XP level 4. HP: 30/30 MP: 7/7
  2364 | D:3      | Noticed Jessica
  2389 | D:3      | Killed Jessica
  2390 | D:3      | Reached skill level 6 in Stealth
  2456 | D:3      | Found a faded altar of an unknown god.
  2862 | D:3      | Reached XP level 5. HP: 35/35 MP: 8/8
  3078 | D:4      | You are sucked into a shaft and drop 1 floor!
  3078 | D:5      | Entered Level 5 of the Dungeon
  3091 | D:5      | Reached skill level 5 in Short Blades
  3101 | D:5      | Identified the +1 chain mail of Trial and Error {rPois rC+
                  | rCorr}
  3137 | D:5      | Noticed a necrophage
  3144 | D:5      | Reached skill level 7 in Stealth
  3144 | D:5      | Reached XP level 6. HP: 34/41 MP: 9/9
  3159 | D:5      | Noticed Menkaure
  3189 | D:5      | Killed Menkaure
  3455 | D:5      | Reached skill level 8 in Stealth
  3455 | D:5      | Reached XP level 7. HP: 40/46 MP: 10/10
  3754 | D:4      | Found an ancient bone altar of Kikubaaqudgha.
  3766 | D:4      | Noticed Natasha
  3783 | D:4      | Killed Natasha
  3945 | D:4      | Mangled by a gnoll

Illustrated notes

Levels and vault maps discovered:
D:1:      minmay_arrival_doors, layout_basic, minmay_misc_feat_room
D:2:      layout_rooms, basic_altar
D:3:      layout_loops_ring, shapermc_ecumenical_altar_venn,
          ebering_dispersal_statue_hall, nicolae_grassy_gnolls, uniq_jessica
D:4:      layout_cave_pools, nicolae_kikubaaqudgha_miasma_corner, uniq_natasha,
          uniq_pikel
D:5:      layout_basic, minmay_bent, uniq_menkaure

Skill      XL: |  1  2  3  4  5  6  7 |
---------------+----------------------+-----
Short Blades   | 2 3 4 5 6 7 |  7.4
Stealth        | 5 6 7 8 |  8.6
Dodging        | |  2.1
Spellcasting   | |  2.0
Hexes          | |  4.4

Action                   |  1- 3 |  4- 6 |  7- 9 || total
-------------------------+-------+-------+-------++-------
Melee: Dagger            |   207 |   130 |    80 ||   417
       Bite              |    19 |    23 |    17 ||    59
       Punch             |       |     6 |     4 ||    10
 Cast: Confusing Touch   |     1 |    11 |     8 ||    20
  Use: Scroll            |     2 |     4 |     1 ||     7
       Potion            |       |     1 |     2 ||     3
 Stab: Sleeping          |     8 |    10 |       ||    18
       Confused          |       |     9 |     4 ||    13
       Invisible         |       |     2 |       ||     2
Armor: Robe              |    29 |     8 |     4 ||    41
Dodge: Dodged            |   108 |    33 |    38 ||   179
